 Dungeon Crawl Stone Soup version 0.28.0-45-g0d030f2227 (webtiles) character file.

Game seed: 8634755857180784067

137 zeratav the Insei (level 5, 0/34 HPs)
             Began as an Octopode Transmuter on Apr 9, 2022.
             Slain by a goblin
             ... wielding a +0 club
             ... led by Robin
              (5 damage)
             ... on level 3 of the Dungeon.
             The game lasted 00:03:46 (3396 turns).

zeratav the Insei (Octopode Transmuter)             Turns: 3396, Time: 00:03:47

Health: 0/34       AC:  1    Str: 10    XL:     5   Next: 20%
Magic:  8/8        EV: 14    Int: 15    God:
Gold:   175        SH:  0    Dex: 14    Spells: 7/8 levels left

rFire   . . .      SeeInvis .     - Unarmed
rCold   . . .      Faith    .   (no shield)
rNeg    + . .      Spirit   .   (helmet restricted)
rPois   .          Reflect  .   (no amulet)
rElec   .          Harm     .   e - ring of positive energy
rCorr   .          Rampage  .   (no ring)
Will    .....                   (no ring)
Stlth   +++.......              (no ring)
HPRegen 0.11/turn               (no ring)
MPRegen 0.11/turn               (no ring)
                                (no ring)
                                (no ring)

@: no status effects
A: almost no armour, amphibious, 8 rings, camouflage 1, gelatinous body 1,
(nimble swimmer 1), tentacles
a: no special abilities


You were on level 3 of the Dungeon.
You visited 1 branch of the dungeon, and saw 3 of its levels.

You collected 175 gold pieces.


Innate Abilities, Weirdness & Mutations

You cannot wear most types of armour.
You are amphibious.
You can wear up to eight rings at the same time.
Your skin changes colour to match your surroundings (Stealth+).
Your rubbery body absorbs attacks. (AC +1, EV +1)
((You are camouflaged when in or above water. (Stealth+)))
You have tentacles for arms and can constrict up to eight enemies at once.


   Skills:
 + Level 2.2 Fighting
 + Level 2.9 Dodging
 + Level 2.8 Stealth
 * Level 4.2 Unarmed Combat
 - Level 2.0 Spellcasting
 - Level 2.0 Transmutations


You had 7 spell levels left.
You knew the following spells:

 Your Spells              Type           Power      Damage    Failure   Level
a - Beastly Appendage     Tmut           14%        N/A       10%         1

Your spell library contained the following spells:

 Spells                   Type           Power      Damage    Failure   Level
 Wereblood                Tmut           7%         N/A       14%         2
 Spider Form              Tmut/Pois      4%         N/A       41%         3
 Ice Form                 Ice/Tmut       4%         N/A       82%         4

Inventory:

Jewellery
 e - a ring of positive energy (left tentacle)
   (You found it on level 1 of the Dungeon)
Wands
 a - a wand of acid (5)
   (You found it on level 1 of the Dungeon)
Scrolls
 b - a scroll of amnesia {unknown}
 g - 5 scrolls of identify {unknown}
 h - a scroll of fear {unknown}
 i - a scroll of fog {unknown}
 j - a scroll of torment {unknown}
 m - a scroll of teleportation {unknown}
Potions
 c - 2 potions of brilliance {unknown}
 d - a potion of attraction {unknown}
 f - 2 potions of heal wounds {unknown}
 k - a potion of flight {unknown}
 l - a potion of haste {unknown}

Dungeon Overview and Level Annotations

Branches:
Dungeon (3/15)

Altars:
Xom

Shops:
D:1 (

Annotations:
D:3 Robin

#..##### #..# ## #..#
#.######## #########
#..##### .....##..
........###....... #.#.##.#
######...##......# #..##.#
###...###..##.#
###)##.######.......#..##.#
#.[.).gggg@............##.#
#...)gg######.......##.##.#
#.......# ###...####.##..
#.#..<[.## #...####.####
###.....# ##.......#
###.### ######### ..# ###


You could see Robin, 3 hobgoblins and 2 goblins.


Message History

You lost 1 mp, and now have 7/8 mp.
Found a leather armour.
Found an escape hatch in the ceiling.
The orc shouts!
You hear a shout! x9
A hobgoblin and 2 goblins come into view.
The hobgoblin shouts!
The orc hits you with a +0 whip.
A hobgoblin comes into view.
You tentacle-slap the orc but do no damage.
Your grab misses the orc. You squeeze the orc. The orc hits you with a +0 whip.
You tentacle-slap the orc. You grab the orc.
You constrict the orc, but do no damage.
The orc hits you with a +0 whip.
You tentacle-slap the orc.
You kill the orc!
A hobgoblin comes into view.
The goblin unwields a +0 club.
The goblin wields a +0 hunting sling.
The goblin shoots a stone.
The stone misses you.
You tentacle-slap the goblin. You grab the goblin.
Your transformation is almost over.
You constrict the goblin.
You kill the goblin!
A goblin comes into view. It is wielding a +2 dagger of venom.
The goblin shoots a stone.
The stone hits you but does no damage.
Robin of the Strong Arm comes into view.
They are wielding a +0 whip.
Things that are here:
a +0 whip {mace}; a +0 leather armour; an orc corpse HP[-11] MP[+1]
You take 11 damage, and now have 23/34 hp.
MASSIVE DAMAGE!! (PAUSE)
Your mp is fully restored (8).
You tentacle-slap the goblin.
You kill the goblin!
Robin roars a battlecry!
The goblins go into a battle-frenzy!
The hobgoblin barely misses you. The hobgoblin completely misses you.
Robin roars a battlecry!
Things that are here:
a +0 hunting sling {sling}; a +0 club {mace}; 8 stones {throwing} You tentacle-slap the hobgoblin.
You kill the hobgoblin!
The hobgoblin hits you.
HP[-5]
You take 5 damage, and now have 18/34 hp.
The hobgoblin closely misses you. The goblin closely misses you.
A goblin comes into view. It is wielding a +0 club.
A hobgoblin comes into view.
The hobgoblin closely misses you.
Things that are here:
a +0 hunting sling {sling}; a +0 club {mace}; 8 stones {throwing}
There are monsters nearby!
The goblin shouts!
You tentacle-slap the hobgoblin. You grab the hobgoblin.
You pierce the hobgoblin, but do no damage.
You constrict the hobgoblin. The goblin barely misses you.
You release your grip on the hobgoblin.
Things that are here:
a +0 whip {mace}; a +0 leather armour; an orc corpse You tentacle-slap the hobgoblin.
You kill the hobgoblin!
You completely miss the hobgoblin. Your grab misses the hobgoblin.
Your tentacle spike disappears.
The hobgoblin closely misses you.
A goblin comes into view. It is wielding a +0 club.
The goblin shouts!
You tentacle-slap the hobgoblin. Your grab misses the hobgoblin.
You squeeze the hobgoblin.
Robin says, "Kneel, worm!"
Robin throws the goblin at you!
* * * LOW HITPOINT WARNING * * *
HP[-2]
You take 2 damage, and now have 16/34 hp.
You tentacle-slap the goblin but do no damage.
Your grab misses the goblin. Your squeeze misses the goblin.
The goblin closely misses you.
A hobgoblin comes into view.
The hobgoblin closely misses you. The goblin closely misses you.
Robin throws the goblin at you!
The hobgoblin shouts!
You tentacle-slap the goblin.
You kill the goblin!
The goblin barely misses you. x2; The hobgoblin closely misses you.
HP[+1]
The goblin hits you with a +0 club.
* * * LOW HITPOINT WARNING * * *
The goblin hits you but does no damage.
HP[-6]
You take 6 damage, and now have 11/34 hp.
The goblin hits you with a +0 club.
* * * LOW HITPOINT WARNING * * *
HP[-6]
You take 6 damage, and now have 5/34 hp.
Robin's horned helmet rattles.
Robin laughs in a distinctly smug fashion.
The goblin no longer looks unusually strong.
The goblin barely misses you.
You closely miss the goblin. Your grab misses the goblin.
The hobgoblin no longer looks unusually strong.
You miss the goblin. Your grab misses the goblin.
The goblin hits you with a +0 club.
You die...

Skill      XL: |  1  2  3  4 |
---------------+-------------+-----
Stealth        | 1 2 |  2.8
Fighting       | 2 |  2.2
Unarmed Combat | 4 |  4.2
Dodging        | |  2.9
Spellcasting   | |  2.0
Transmutations | |  2.0

Action                   |  1- 3 |  4- 6 || total
-------------------------+-------+-------++-------
Melee: Unarmed           |    72 |    73 ||   145
       Constrict         |    22 |    17 ||    39
       Kick              |    15 |    17 ||    32
       Tentacles         |    14 |    13 ||    27
       Punch             |       |     1 ||     1
 Cast: Beastly Appendage |    27 |    21 ||    48
 Stab: Sleeping          |     4 |     9 ||    13
Armor: Skin              |     5 |     6 ||    11
Dodge: Dodged            |    49 |    41 ||    90

Levels and vault maps discovered:
D:1:      shiori_arrival_maze, layout_basic, hellmonk_ecumenical_altar_lost_god,
          serial_shops, nicolae_shop_advertising_works
          [nicolae_subvault_shop_adworks], minmay_shallow_snake_nest
D:2:      layout_basic, basic_altar, minmay_joined_circles
D:3:      layout_loops_ring, led_xom_imps, uniq_robin

Notes
Turn   | Place    | Note
-------+----------+-------------------------------------------
     0 | D:1      | zeratav the Octopode Transmuter began the quest for the
                  | Orb.
     0 | D:1      | Reached XP level 1. HP: 13/13 MP: 3/3
     0 | D:1      | magus.rc [v1.9.6]
   374 | D:1      | Found a faded altar of an unknown god.
   421 | D:1      | Reached XP level 2. HP: 17/18 MP: 3/5
   426 | D:1      | Reached skill level 1 in Stealth
   904 | D:1      | Found Hutsot's Antique Weapon Shop.
   910 | D:1      | Reached XP level 3. HP: 23/23 MP: 4/6
  1701 | D:2      | Reached skill level 2 in Stealth
  1701 | D:2      | Reached XP level 4. HP: 19/29 MP: 5/7
  1708 | D:2      | HP: 7/29 [ball python (2)]
  1714 | D:2      | HP: 7/29 [bat (1)]
  2021 | D:2      | Found a shimmering altar of Xom.
  2056 | D:2      | Reached skill level 2 in Fighting
  2244 | D:2      | Reached skill level 4 in Unarmed Combat
  3113 | D:3      | Reached XP level 5. HP: 28/34 MP: 6/8
  3376 | D:3      | Noticed Robin
  3390 | D:3      | HP: 5/34 [goblin/+0 club[Robin] (6)]
  3396 | D:3      | Slain by a goblin

Vanquished Creatures
  5 adders
  A white imp (D:3)
  A worm (D:2)
  3 dart slugs
  An orc (D:3)
  11 ball pythons
  4 bats
  6 endoplasms
  3 giant cockroaches
  9 goblins
  7 hobgoblins
  2 jackals (D:1)
  3 quokkas (D:2)
  3 frilled lizards
  5 kobolds
  4 rats
68 creatures vanquished.

Table legend:
 A = Non-vault XP
 B = Vault XP
 C = Vault XP percentage of total XP
 D = Non-vault monster count
 E = Vault monster count
 F = Vault count percentage of total count
                 A         B        C        D         E       F
            +---------+---------+-------+---------+---------+-------
      Total |     130 |      67 |  34.0 |      44 |      24 |  35.3
            +---------+---------+-------+---------+---------+-------
        D:1 |      32 |      12 |  27.3 |      17 |       7 |  29.2
        D:2 |      49 |      45 |  47.9 |      14 |      12 |  46.2
        D:3 |      49 |      10 |  16.9 |      13 |       5 |  27.8
            +---------+---------+-------+---------+---------+-------

Illustrated notes

Table legend:
 A = Kills in this place as a percentage of kills in entire the game.
 B = Kills by you in this place as a percentage of kills by you in the entire game.
 C = Kills by friends in this place as a percentage of kills by friends in the entire game.
 D = Other kills in this place as a percentage of other kills in the entire game.
 E = Experience gained in this place as a percentage of experience gained in the entire game.
 F = Experience gained in this place divided by the number of levels of this place that you have seen.
                   A       B       C       D       E      F
               +-------+-------+-------+-------+-------+----------------------
         Total | 100.0 | 100.0 |   N/A |   N/A | 100.0 |  65.7
       Dungeon | 100.0 | 100.0 |   N/A |   N/A | 100.0 |  65.7
               +-------+-------+-------+-------+-------+----------------------

Table legend: (Time is in decaauts)
 A = Elapsed time spent in this place.
 B = Non-inter-level travel time spent in this place.
 C = Inter-level travel time spent in this place.
 D = Time resting spent in this place.
 E = Time spent auto-exploring this place.
 F = Levels seen in this place.
 G = Mean time per level.
                   A        B        C        D        E       F      G
               +--------+--------+--------+--------+--------+-----+--------+
         Total |   3384 |   3349 |     35 |      0 |   2936 |   3 | 1128.0 |
       Dungeon |   3384 |   3349 |     35 |      0 |   2936 |   3 | 1128.0 |
               +--------+--------+--------+--------+--------+-----+--------+

Top non-repeatable levels by time:
     D:1: 1338 daAuts
     D:2: 1312 daAuts
     D:3: 733 daAuts
